 Dungeon Crawl Stone Soup version 0.30.1-11-g7821555f0a (webtiles) character file.

Game seed: 632826737674917511

1316 BoomerKuwanger the Basher (level 8, -3/73 HPs)
             Began as a Minotaur Berserker on Dec 8, 2023.
             Was a Priest of Trog.
             Slain by a sky beast (5 damage)
             ... on level 7 of the Dungeon.
             The game lasted 00:30:37 (5361 turns).

BoomerKuwanger the Basher (Minotaur Berserker)      Turns: 5361, Time: 00:30:38

Health: -3/73      AC:  2    Str: 23    XL:     8   Next: 33%
Magic:  7/7        EV: 18    Int:  4    God:    Trog [***...]
Gold:   205        SH:  0    Dex: 11    Spells: 7/7 levels left

rFire   . . .        a - +1 mace (venom)
rCold   . . .        (no shield)
rNeg    . . .        b - +0 animal skin
rPois   .            (helmet restricted)
rElec   .            (no cloak)
rCorr   .            (no gloves)
SInv    .            (no boots)
Will    .....        (no amulet)
Stlth   ++           e - +5 ring of evasion
HPRegen 0.32/turn    (no ring)
MPRegen 0.10/turn

%: no passive effects
@: no status effects
A: horns 2, retaliatory headbutt
a: Renounce Religion, Berserk, Trog's Hand


You were on level 7 of the Dungeon.
You worshipped Trog.
Trog was most pleased with you.
You visited 2 branches of the dungeon, and saw 8 of its levels.

You collected 238 gold pieces.
You spent 33 gold pieces at shops.

Inventory:

Hand Weapons
 a - a +1 mace of venom (weapon)
 t - a +0 flail of venom
 u - a +1 dagger of draining
Missiles
 s - 7 boomerangs (quivered)
Armour
 b - a +0 animal skin (worn)
 c - a +0 chain mail
 f - a +1 plate armour
 j - a +0 pair of boots
 o - a +0 pair of gloves
 v - a +2 pair of gloves
Jewellery
 e - a +5 ring of evasion (left hand)
Wands
 p - a wand of digging (2)
 x - a wand of flame (22)
 y - a wand of charming (5)
Scrolls
 g - 2 scrolls of identify
 l - 6 scrolls of blinking
 m - 3 scrolls of amnesia
 r - a scroll of enchant armour
 B - a scroll of magic mapping {unknown}
 C - a scroll of noise {unknown}
Potions
 d - a potion of brilliance
 h - a potion of resistance
 k - a potion of ambrosia
 n - a potion of attraction
 q - a potion of flight
 w - 3 potions of invisibility {unknown}
 z - 2 potions of mutation {unknown}
 A - a potion of degeneration {unknown}


   Skills:
 + Level 7.2 Fighting
 + Level 8.6 Maces & Flails
 + Level 2.8 Armour
 * Level 5.7 Dodging
 + Level 2.2 Stealth


You had 7 spell levels left.
You didn't know any spells.
Your spell library was empty.

Dungeon Overview and Level Annotations

Branches:
Dungeon (7/15)             Temple (1/1) D:5

Altars:
Ashenzari
Cheibriados
Dithmenos
Elyvilon
Fedhas
Hepliaklqana
Kikubaaqudgha
Makhleb
Okawaru
Sif Muna
Trog
Uskayaw
Vehumet
Xom
Yredelemnul
Zin
The Shining One

Shops:
D:2 *

Portals:
Bailey: D:7

Annotations:
Temple 2 transporters


Innate Abilities, Weirdness & Mutations

You have a pair of horns on your head.
You reflexively headbutt those who attack you in melee.


Message History

You barely miss the sky beast. The gnoll barely misses you.
The sky beast barely misses you. You furiously retaliate!
You headbutt the sky beast. You closely miss the sky beast.
The sky beast is lightly wounded.
The gnoll hits you from afar with a +0 spear.
You hit the sky beast.
The sky beast is poisoned.
The sky beast is moderately wounded.
The sky beast hits you. The sky beast shocks you. The gnoll closely misses you.
The sky beast attacks as you move away! The sky beast barely misses you.
You barely miss the sky beast.
The sky beast is moderately wounded.
The sky beast closely misses you. The sky beast attacks as you move away!
The sky beast hits you. The sky beast shocks you.
The sky beast attacks as you move away! The sky beast hits you.
The sky beast shocks you.
* * * LOW HITPOINT WARNING * * *
The sky beast flickers out of sight!
Deactivating autopickup; reactivate with Ctrl-A.
You hear the loud creaking of a portcullis very nearby.
Something hits you.
* * * LOW HITPOINT WARNING * * *
Something shocks you.
* * * LOW HITPOINT WARNING * * *
You feel better. Something hits you.
* * * LOW HITPOINT WARNING * * *
Something shocks you.
* * * LOW HITPOINT WARNING * * *
The gnoll misses you. Something closely misses you.
Something barely misses you. Something hits you.
* * * LOW HITPOINT WARNING * * *
Something shocks you.
* * * LOW HITPOINT WARNING * * *
Something hits you.
* * * LOW HITPOINT WARNING * * *
Something shocks you.
You die...

..##.....##..#....###.#...#...#..
..#.......#..#........#...#######
..#.......#..#...#...........####
......_......#...#...........'...
#.#.......#..#...#...#.......###.
#.#.......#......+...+........##.
#.##.....##.##g..#...#........##.
..####.####..#.{.#............##.
.............#..@####......>..##.
.####.###...+####.......#####.##.
....#..........##....##..... .###
.....................##.....#.# #
..))##...............##.....# #
....########.......####.....# #
..#.# #.......... .....# # #.#.#
#+#####..... #### ## #.#.######..
#.......# #.


You could see a gnoll.

Vanquished Creatures
  Eustachio (D:4)
  A steam dragon (D:7)
  A sky beast (D:6)
  A black bear (D:4)
  2 ogres
  A bullfrog (D:5)
  2 scorpions (D:5)
  5 hounds
  2 orc priests
  3 iguanas
  A sleepcap (D:4)
  An orc wizard (D:5)
  6 adders
  2 gnolls (D:7)
  2 ufetubi
  A worm (D:3)
  2 dart slugs (D:4)
  25 orcs
  4 ball pythons
  4 endoplasms
  5 hobgoblins
  2 jackals (D:5)
  2 quokkas
  5 bats
  A frilled lizard (D:1)
  10 goblins
  5 kobolds
  8 rats
105 creatures vanquished.

Notes
Turn   | Place    | Note
-------+----------+-------------------------------------------
     0 | D:1      | BoomerKuwanger the Minotaur Berserker began the quest for
                  | the Orb.
     0 | D:1      | Reached XP level 1. HP: 19/19 MP: 0/0
   253 | D:1      | Reached XP level 2. HP: 27/27 MP: 1/1
   270 | D:1      | Reached skill level 4 in Maces & Flails
  1081 | D:2      | Reached XP level 3. HP: 22/34 MP: 2/2
  1181 | D:2      | Found Ycsous's General Store.
  1189 | D:2      | Bought a potion of curing for 33 gold pieces
  1214 | D:2      | Found a hide-covered altar of Uskayaw.
  1540 | D:3      | Reached ** piety under Trog
  1881 | D:3      | Reached XP level 4. HP: 34/41 MP: 3/3
  2243 | D:4      | Noticed Eustachio
  2278 | D:4      | Reached skill level 5 in Fighting
  2375 | D:4      | Reached skill level 5 in Maces & Flails
  2375 | D:4      | Reached XP level 5. HP: 48/48 MP: 4/4
  2411 | D:4      | Killed Eustachio
  2412 | D:4      | Reached skill level 1 in Stealth
  2412 | D:4      | Reached XP level 6. HP: 42/57 MP: 5/5
  2607 | D:4      | Reached skill level 6 in Maces & Flails
  2736 | D:4      | Found a burning altar of Makhleb.
  2736 | D:4      | Found a hide-covered altar of Uskayaw.
  2737 | D:4      | Found an iron altar of Okawaru.
  2738 | D:4      | Found an ancient bone altar of Kikubaaqudgha.
  2739 | D:4      | Found a shimmering altar of Xom.
  3065 | D:4      | Found a blossoming altar of Fedhas.
  3421 | D:5      | Entered Level 5 of the Dungeon
  3527 | D:5      | Reached XP level 7. HP: 63/63 MP: 6/6
  3555 | D:5      | Reached skill level 7 in Maces & Flails
  3906 | D:5      | Reached *** piety under Trog
  3955 | D:5      | Found a glowing golden altar of the Shining One.
  3955 | D:5      | Found a glowing silver altar of Zin.
  3956 | D:5      | Found a white marble altar of Elyvilon.
  4165 | D:5      | Found a staircase to the Ecumenical Temple.
  4257 | Temple   | Entered the Ecumenical Temple
  4257 | Temple   | Found a transporter.
  4257 | Temple   | Found a transporter.
  4259 | Temple   | Found a transporter.
  4259 | Temple   | Found a transporter.
  4525 | D:6      | Reached skill level 8 in Maces & Flails
  4525 | D:6      | Reached skill level 5 in Dodging
  4538 | D:6      | Reached XP level 8. HP: 17/71 MP: 7/7
  4744 | D:6      | You fall into a shaft and drop 1 floor!
  5112 | D:7      | Found a radiant altar of Vehumet.
  5318 | D:7      | Found a flagged portal.
  5361 | D:7      | HP: 2/73 [something (4)]
  5361 | D:7      | Slain by a sky beast

Illustrated notes

Levels and vault maps discovered:
D:1:      roderic_dead_forest, layout_loops_cross, grunt_decor_mini_mirrors,
          minmay_misc_feat_cross, corexii_hall_statues_s
D:2:      layout_basic, basic_altar, serial_shops, shop
D:3:      layout_basic, hex_medium
D:4:      layout_layer_cave, fedhas_altar_4, grunt_temple_overflow_open,
          minivault_26, uniq_eustachio
D:5:      layout_basic, good_gods_temple_1, temple_statues
D:6:      layout_loops_corners, nemelex_dance_club_becter
D:7:      layout_basic, old_standard_altar, lightli_bailey_entry_fortress
Temple:   hellmonk_temple_divided_pantheon

Skill      XL: |  1  2  3  4  5  6  7  8 |
---------------+-------------------------+-----
Fighting       | 4 5 6 7 |  7.2
Maces & Flails | 4 5 6 8 |  8.6
Dodging        | 3 4 5 |  5.7
Stealth        | 1 2 |  2.2
Armour         | |  2.8

Action                     |  1- 3 |  4- 6 |  7- 9 || total
---------------------------+-------+-------+-------++-------
  Melee: Mace              |    68 |    49 |   102 ||   219
         Headbutt          |     4 |    13 |    13 ||    30
         Punch             |       |       |     2 ||     2
    Use: Scroll            |     6 |       |     3 ||     9
         Potion            |     2 |       |     7 ||     9
   Stab: Sleeping          |       |     1 |     1 ||     2
 Armour: Animal skin       |     8 |     3 |     5 ||    16
  Dodge: Dodged            |    52 |    35 |   106 ||   193
